 Dungeon Crawl Stone Soup version 0.30-a0-881-g1ff12e1e11 (webtiles) character file.

Game seed: 8379940486292850997

11051 NinjaNoafa the Thaumaturge (level 11, -1/57 HPs)
             Began as a Deep Elf Conjurer on Mar 14, 2023.
             Was a Priest of Vehumet.
             Hit by a large rock thrown by a cyclops (27 damage)
             ... in a volcano.
             The game lasted 01:07:19 (8388 turns).

NinjaNoafa the Thaumaturge (Deep Elf Conjurer)      Turns: 8388, Time: 01:07:20

Health: -1/57      AC:  7    Str:  4    XL:     11   Next: 44%
Magic:  13/31      EV: 12    Int: 28    God:    Vehumet [***...]
Gold:   47         SH:  7    Dex: 13    Spells: 14/38 levels left

rFire   + + .      SeeInvis .    a - staff of conjuration
rCold   x . .      Faith    .    j - +2 buckler
rNeg    . . .      Spirit   .    i - +0 steam dragon scales
rPois   .          Reflect  .    x - +0 helmet
rElec   .          Rampage  .    D - scarf {+Inv}
rCorr   .                        (no gloves)
Will    +....                    l - +0 pair of boots
Stlth   ++                       N - amulet of magic regeneration
HPRegen 0.29/turn                C - ring of fire
MPRegen 0.62/turn                F - ring of protection from fire

@: very slightly contaminated
A: no striking features
a: Renounce Religion, Evoke Invisibility


You were in a volcano.
You worshipped Vehumet.
Vehumet was most pleased with you.
You visited 3 branches of the dungeon, and saw 14 of its levels.
You also visited: Volcano.

You collected 598 gold pieces.
You spent 551 gold pieces at shops.

Inventory:

Missiles
 h - 9 poisoned darts
 H - a curare-tipped dart
 L - 9 boomerangs
 P - a throwing net
 R - 6 javelins
Armour
 i - +0 steam dragon scales (worn)
 j - a +2 buckler (worn)
 l - a +0 pair of boots (worn)
 x - a +0 helmet (worn)
 D - a scarf of invisibility (worn)
Magical Staves
 a - a staff of conjuration (weapon)
Jewellery
 f - a ring of poison resistance
 C - a ring of fire (left hand)
 F - a ring of protection from fire (right hand)
 N - an amulet of magic regeneration (around neck)
Wands
 o - a wand of iceblast (2)
 s - a wand of light (10)
 u - a wand of polymorph (14)
 M - a wand of flame (24)
 T - a wand of charming (8)
Scrolls
 e - 8 scrolls of teleportation
 q - a scroll of noise
 r - 2 scrolls of silence
 w - a scroll of enchant weapon {unknown}
 y - 2 scrolls of summoning {unknown}
 z - 2 scrolls of immolation {unknown}
 A - 2 scrolls of fear {unknown}
 B - 4 scrolls of magic mapping
 J - a scroll of poison
 K - a scroll of blinking {unknown}
 O - 2 scrolls of brand weapon {unknown}
 S - a scroll of vulnerability {unknown}
Potions
 b - 3 potions of magic
 c - a potion of invisibility {unknown}
 d - 4 potions of haste
 g - 4 potions of might
 k - 2 potions of mutation
 m - 3 potions of curing
 n - a potion of cancellation
 p - 2 potions of lignification
 t - a potion of resistance
 v - 2 potions of brilliance
 E - a potion of attraction
 G - 2 potions of heal wounds
 I - a potion of degeneration
 Q - a potion of flight
Miscellaneous
 U - a box of beasts


   Skills:
 + Level 1.7 Fighting
 + Level 3.8 Dodging
 - Level 2.8 Stealth
 - Level 4.0 Shields
 - Level 14.4 Spellcasting
 - Level 8.0 Conjurations
 - Level 5.0 Hexes
 - Level 7.0 Translocations
 - Level 7.0 Transmutations
 - Level 6.0 Earth Magic
 + Level 2.4 Evocations


You had 14 spell levels left.
You knew the following spells:

 Your Spells              Type           Power      Damage    Failure   Level
a - Magic Dart            Conj           100%       1d8       1%          1
b - Searing Ray           Conj           100%       2d8       1%          2
c - Iskenderun's Mystic   Conj/Tloc      75%        2d15      1%          4
d - Dazzling Flash        Conj/Hex       100%       N/A       1%          3
e - Fulminant Prism       Conj/Hex       35%        3d17      1%          4
f - Passwall              Tmut/Erth      45%        N/A       1%          2
g - Stone Arrow           Conj/Erth      100%       3d13      1%          3
h - Irradiate             Conj/Tmut      37%        3d24      1%          5

Your spell library contained the following spells:

 Spells                   Type           Power      Damage    Failure   Level
 Frozen Ramparts          Ice            40%        1d7       2%          3
 Beastly Appendage        Tmut           100%       N/A       1%          1
 Sandblast                Erth           100%       2d20      1%          1
 Wereblood                Tmut           56%        N/A       1%          2
 Spider Form              Tmut/Pois      39%        N/A       2%          3
 Petrify                  Tmut/Erth      54%        N/A       2%          4
 Cigotuvi's Dreadful Rot  Necr/Pois/Air  40%        N/A       4%          2
 Sublimation of Blood     Necr           20%        N/A       4%          2
 Cause Fear               Hex            24%        N/A       4%          4
 Ozocubu's Armour         Ice            20%        N/A       10%         3
 Starburst                Conj/Fire      38%        6d11      24%         6
 Dispel Undead            Necr           20%        3d11      32%         4
 Dragon Form              Tmut           28%        N/A       83%         7
 Death Channel            Necr           10%        N/A       99%         6
 Ozocubu's Refrigeration  Ice            10%        4d9       99%         7
 Dragon's Call            Summ           10%        N/A       100%        9


Dungeon Overview and Level Annotations

Branches:
Dungeon (11/15)            Temple (1/1) D:6            Lair (2/5) D:8
  Snake (0/4) Lair:2      Volcano (1/1)
  Swamp: Lair:2-3    Shoals: Lair:2-3       Orc: D:9-12

Altars:
Ashenzari
Cheibriados
Dithmenos
Elyvilon
Fedhas
Gozag
Hepliaklqana
Kikubaaqudgha
Makhleb
Nemelex Xobeh
Okawaru
Qazlal
Ru
Sif Muna
Trog
Uskayaw
Vehumet
Wu Jian
Xom
Yredelemnul
Zin
The Shining One

Shops:
D:3 *   D:7 *   D:9 (   D:10 [

Annotations:
D:6 3 runed translucent doors, patfeehan111222's ghost, novice FoFi


Message History

You block the salamander's attack. The cyclops hits you.
Casting: Stone Arrow (safe; 1% risk of failure)
Confirm with . or Enter, or press ? or * to list all spells.
You feel a surge of power!
You erupt in a fountain of uncontrolled magic!
The salamander is blasted with magical radiation!!
The salamander is severely wounded.
The salamander twists and deforms.
The cyclops is blasted with magical radiation!!!
You kill the cyclops!
Vehumet accepts your kill.
You feel your power returning.
You are very lightly contaminated with residual magic.
The salamander hits you with a +2 halberd!
* * * LOW HITPOINT WARNING * * *
You are engulfed in flames.
You resist.
* * * LOW HITPOINT WARNING * * *
A cyclops comes into view.
The cyclops shouts!
Your Evocations skill increases to level 2!
Casting: Irradiate (dangerous; 1% risk of failure)
Confirm with . or Enter, or press ? or * to list all spells.
You feel a surge of power!
You erupt in a fountain of uncontrolled magic!
The salamander is blasted with magical radiation!!!
You kill the salamander!
Vehumet accepts your kill.
You are too injured to fight recklessly!
Aiming: Stone Arrow (safe; 1% risk of failure)
Press: ? - help, Q - select action, (/) - cycle Shift-Dir - straight line, f - cyclops
Aim: a cyclops, quivering large rocks (98% to hit)
You feel a surge of power!
The stone arrow hits the cyclops!!
The cyclops is moderately wounded.
Aiming: Stone Arrow (safe; 1% risk of failure)
Press: ? - help, Q - select action, (/) - cycle Shift-Dir - straight line, f/p - cyclops
Aim: a cyclops, quivering large rocks (moderately wounded, 98% to hit)
You feel a surge of power!
The stone arrow hits the cyclops!
The cyclops is heavily wounded.
The cyclops throws a large rock.
The large rock hits you!!
You die...

####### #8...8# #
#.....# .#
####.....##########..###
......⌠(.........(C..~~#
....8...8.......@)...~~#
####.....###############
##''#''## #8.....8#
#.......# #.......#
#8..∩..8# #.......#
##8.∩.8##


You could see a cyclops.

Vanquished Creatures
  A two-headed ogre (D:10)
  2 cyclopes (Volcano)
  A salamander (Volcano)
  4 cane toads (Lair:1)
  A rime drake (Lair:1)
  2 komodo dragons (D:8)
  A troll (D:10)
  A shadow (D:7)
  A vampire (D:10)
  A wraith (D:9)
  3 yaks (D:10)
  3 wyverns
  3 steam dragons
  A basilisk (D:8)
  4 water moccasins (Lair:1)
  2 orc warriors
  An ice beast (D:8)
  A black bear (D:7)
  2 ogres
  3 wolves (Lair:1)
  5 centaurs
  4 phantoms
  3 kobold brigands
  7 bullfrogs
  3 scorpions
  7 wights
  20 killer bees
  7 howler monkeys
  A jelly (D:7)
  4 orc priests (D:9)
  2 gnoll boudas
  A hound (D:6)
  5 iguanas
  12 orc wizards
  22 gnolls
  10 adders
  A shadow imp (D:6)
  An ufetubus (D:4)
  3 worms
  4 dart slugs
  35 orcs
  10 endoplasms
  3 giant cockroaches
  4 goblins
  4 hobgoblins
  7 jackals (D:1)
  3 quokkas
  11 ball pythons
  3 bats
  14 frilled lizards
  16 kobolds
  5 rats
275 creatures vanquished.

Vanquished Creatures (others)
  An orc wizard (D:5)
  7 fulminant prisms
  3 fungi
  33 plants
44 creatures vanquished.

Grand Total: 319 creatures vanquished

Notes
Turn   | Place    | Note
-------+----------+-------------------------------------------
     0 | D:1      | NinjaNoafa the Deep Elf Conjurer began the quest for the
                  | Orb.
     0 | D:1      | Reached XP level 1. HP: 10/10 MP: 6/6
   189 | D:1      | Reached XP level 2. HP: 15/15 MP: 1/8
   317 | D:1      | Learned a level 2 spell: Searing Ray
   379 | D:1      | Reached skill level 4 in Spellcasting
   420 | D:1      | Reached skill level 5 in Conjurations
   420 | D:1      | Reached XP level 3. HP: 19/19 MP: 2/10
   834 | D:2      | Reached XP level 4. HP: 24/24 MP: 7/12
  1030 | D:2      | Reached skill level 5 in Spellcasting
  1340 | D:3      | Noticed a scorpion
  1347 | D:3      | Killed a scorpion
  1348 | D:3      | Reached skill level 6 in Spellcasting
  1348 | D:3      | Reached XP level 5. HP: 19/28 MP: 5/15
  1454 | D:3      | Found Ojioth's General Store.
  1458 | D:3      | Bought a potion of lignification for 42 gold pieces
  1458 | D:3      | Bought a scroll of noise for 14 gold pieces
  1595 | D:3      | Found a sacrificial altar of Ru.
  1814 | D:3      | Identified the +0 ring mail of the Stone Wall {rC+ rN+
                  | Str+3}
  2020 | D:4      | Noticed a phantom
  2062 | D:3      | Reached skill level 1 in Shields
  2121 | D:4      | Noticed an ogre
  2135 | D:3      | Reached XP level 6. HP: 19/32 MP: 11/17
  2163 | D:4      | Found a glowing golden altar of the Shining One.
  2164 | D:4      | Found a shimmering altar of Xom.
  2256 | D:4      | Reached skill level 1 in Translocations
  2393 | D:4      | Reached XP level 7. HP: 36/36 MP: 10/18
  2504 | D:4      | Learned a level 4 spell: Iskenderun's Mystic Blast
  2716 | D:5      | Entered Level 5 of the Dungeon
  2918 | D:5      | Reached skill level 5 in Translocations
  2946 | D:5      | Found a basalt altar of Yredelemnul.
  3045 | D:5      | Found an iron altar of Okawaru.
  3317 | D:6      | Found a runed translucent gate.
  3318 | D:6      | Found a runed translucent gate.
  3321 | D:6      | Found a runed translucent gate.
  3368 | D:6      | Reached XP level 8. HP: 41/41 MP: 4/19
  3530 | D:6      | Reached skill level 7 in Spellcasting
  3587 | D:6      | Noticed patfeehan111222's ghost (novice FoFi)
  3589 | D:6      | Noticed a kobold demonologist
  3732 | D:6      | Found a staircase to the Ecumenical Temple.
  3863 | Temple   | Entered the Ecumenical Temple
  3863 | Temple   | Found a transporter.
  3863 | Temple   | Found a transporter.
  3865 | Temple   | Found a transporter.
  3865 | Temple   | Found a transporter.
  3893 | Temple   | Became a worshipper of Vehumet
  4193 | D:7      | Reached skill level 8 in Spellcasting
  4309 | D:7      | Found Yroff's Assorted Antiques.
  4323 | D:7      | Bought a golden potion for 28 gold pieces
  4323 | D:7      | Bought a scroll labelled UWIZEUR MELIMO for 32 gold pieces
  4323 | D:7      | Bought a cyan potion for 28 gold pieces
  4323 | D:7      | Bought a cyan potion for 28 gold pieces
  4323 | D:7      | Bought a scroll labelled MEOM DYWYCUST for 32 gold pieces
  4323 | D:7      | Bought a scroll labelled CUSCHE HYSTRI for 32 gold pieces
  4554 | D:7      | Reached * piety under Vehumet
  4554 | D:7      | Offered knowledge of Kiss of Death by Vehumet.
  4555 | D:7      | Reached skill level 9 in Spellcasting
  4555 | D:7      | Reached XP level 9. HP: 45/45 MP: 11/24
  4625 | D:7      | Reached skill level 1 in Hexes
  4668 | D:7      | Found a shimmering blue altar of Sif Muna.
  4983 | D:8      | Learned a level 3 spell: Dazzling Flash
  4988 | D:8      | Learned a level 4 spell: Fulminant Prism
  4991 | D:8      | Learned a level 2 spell: Passwall
  4995 | D:8      | Learned a level 3 spell: Stone Arrow
  5024 | D:8      | Reached skill level 1 in Transmutations
  5024 | D:8      | Reached skill level 1 in Earth Magic
  5349 | D:8      | Noticed a komodo dragon
  5358 | D:8      | Killed a komodo dragon
  5635 | D:8      | Identified the +6 great sword of Recklessness {freeze,
                  | rPois Int+5}
  5797 | D:8      | Reached skill level 5 in Earth Magic
  5802 | D:8      | Noticed a komodo dragon
  5811 | D:8      | Killed a komodo dragon
  5812 | D:8      | Reached XP level 10. HP: 50/50 MP: 2/25
  5888 | D:8      | Reached ** piety under Vehumet
  5921 | D:8      | Found a staircase to the Lair.
  6036 | D:9      | Offered knowledge of Foxfire by Vehumet.
  6082 | D:9      | Found a snail-covered altar of Cheibriados.
  6082 | D:9      | Found a blossoming altar of Fedhas.
  6121 | D:9      | Reached skill level 5 in Hexes
  6122 | D:9      | Reached skill level 10 in Spellcasting
  6183 | D:9      | Reached skill level 11 in Spellcasting
  6279 | D:9      | Found Kist's Weapon Shoppe.
  6502 | D:3      | Bought 3 scrolls of magic mapping for 315 gold pieces
  6819 | D:9      | Found an opulent altar of Gozag.
  6881 | D:9      | Found a stormy altar of Qazlal.
  7096 | D:10     | Entered Level 10 of the Dungeon
  7119 | D:10     | Found Awymoil's Antique Armour Shop.
  7173 | D:10     | Reached skill level 12 in Spellcasting
  7179 | D:10     | Learned a level 5 spell: Irradiate
  7244 | D:10     | Reached skill level 5 in Transmutations
  7263 | D:10     | Offered knowledge of Poisonous Vapours by Vehumet.
  7309 | D:10     | Noticed a two-headed ogre
  7314 | D:10     | Found a sparkling altar of Nemelex Xobeh.
  7323 | D:10     | Killed a two-headed ogre
  7328 | D:10     | Reached *** piety under Vehumet
  7544 | D:11     | Noticed a two-headed ogre
  7544 | D:11     | Noticed a gargoyle
  7602 | D:8      | Reached skill level 13 in Spellcasting
  7602 | D:8      | Reached XP level 11. HP: 54/54 MP: 24/30
  7697 | Lair:1   | Entered Level 1 of the Lair of Beasts
  7812 | Lair:1   | Reached skill level 14 in Spellcasting
  7900 | Lair:1   | Offered knowledge of Frozen Ramparts by Vehumet.
  8011 | Lair:1   | Reached skill level 1 in Evocations
  8351 | Lair:2   | Found a dark tunnel.
  8355 | Volcano  | Entered a volcano
  8372 | Volcano  | Reached skill level 1 in Fighting
  8388 | Volcano  | Hit by a large rock thrown by a cyclops

Illustrated notes

Levels and vault maps discovered:
D:1:      dpeg_arrival_simpleton_c, layout_basic, st_stairs_7, minivault_14
D:2:      layout_loops_cross, minmay_lizard_king
D:3:      layout_loops_ring, lemuel_crystal_altar, serial_shops, shop,
          minmay_misc_feat_roman
D:4:      layout_gridville, grunt_temple_overflow_open
D:5:      layout_rooms, mainiacjoe_overflow_six_doors_small,
          mainiacjoe_overflow_surrounded_room, serial_bayou_pond_b, minivault_25
D:6:      layout_cave_pools, minmay_temple_entry_water_ring,
          gammafunk_ghost_nasty_kobolds
D:7:      layout_basic, tgw_sif, serial_rivers, chequers_serial_rivers_room_b,
          chequers_serial_rivers_micro_a, chequers_serial_rivers_small_3,
          chequers_serial_rivers_micro_e, chequers_serial_rivers_micro_e,
          chequers_serial_rivers_marsh, nicolae_stop_n_shop_1
D:8:      layout_rooms, erik_lair_dragon, serial_corexii_hall,
          chequers_hall_statues_wall_a, corexii_hall_statues_s,
          corexii_hall_statues_s, corexii_hall_statues_deadend,
          corexii_hall_statues_x, corexii_hall_statues_l, blue_anna_alchemist
D:9:      layout_loops_cross, lemuel_round_altar,
          gammafunk_temple_overflow_statue, mainiacjoe_overflow_chevrons,
          serial_shops, kennysheep_mini_moat, nicolae_eternal_life
D:10:     layout_rooms, nemelex_xobeh_ov_fountains_minmay, serial_shops, shop,
          dreamdust_princess_corridor
D:11:     layout_big_octagon, dreamdust_wishing_well
Temple:   hellmonk_temple_divided_pantheon
Lair:1:   layout_roguey
Lair:2:   beast_lair_carwin_large_4, layout_loops_ring,
          minmay_snake_entry_guardpost_medium, enter_volcano_1,
          grunt_forest_large_clearings
Volcano:  hellmonk_zot_springs

Skill      XL: |  1  2  3  4  5  6  7  8  9 10 11 |
---------------+----------------------------------+-----
Spellcasting   | 4 6 9 13 14 | 14.4
Conjurations   | 5 6 7 8 |  8.0
Shields        | 1 3 4 |  4.0
Translocations | 3 6 7 |  7.0
Hexes          | 3 5 |  5.0
Transmutations | 4 7 |  7.0
Earth Magic    | 5 6 |  6.0
Evocations     | 2 |  2.4
Fighting       | 1 |  1.7
Dodging        | 3 |  3.8
Stealth        | |  2.8

Action                     |  1- 3 |  4- 6 |  7- 9 | 10-12 || total
---------------------------+-------+-------+-------+-------++-------
  Melee: Hand axe          |    19 |     7 |    31 |     1 ||    58
         Dagger            |       |       |       |     4 ||     4
         Staff             |       |       |       |     1 ||     1
   Cast: Magic Dart        |    41 |    48 |    35 |     1 ||   125
         Searing Ray       |     8 |    22 |    40 |     3 ||    73
         Iskenderun's Myst |       |       |    41 |    33 ||    74
         Stone Arrow       |       |       |    22 |    57 ||    79
         Dazzling Flash    |       |       |     2 |     9 ||    11
         Fulminant Prism   |       |       |     2 |     5 ||     7
         Passwall          |       |       |     2 |     2 ||     4
         Irradiate         |       |       |       |     4 ||     4
    Use: Scroll            |       |     1 |       |    13 ||    14
 Armour: Robe              |    10 |     6 |    19 |     3 ||    38
         Steam dragon scal |       |       |       |     9 ||     9
  Dodge: Dodged            |    29 |    16 |    57 |    45 ||   147
  Block: Buckler           |    14 |    20 |    81 |    20 ||   135
         Reflection        |       |     2 |     3 |       ||     5

Table legend: (Time is in decaauts)
 A = Elapsed time spent in this place.
 B = Non-inter-level travel time spent in this place.
 C = Inter-level travel time spent in this place.
 D = Time resting spent in this place.
 E = Time spent auto-exploring this place.
 F = Levels seen in this place.
 G = Mean time per level.
                   A        B        C        D        E       F      G
               +--------+--------+--------+--------+--------+-----+--------+
         Total |   8427 |   7271 |   1156 |     94 |   4728 |  15 |  561.8 |
       Dungeon |   7691 |   6606 |   1085 |     94 |   4264 |  11 |  699.2 |
        Temple |     46 |     31 |     15 |      0 |      4 |   1 |   46.0 |
          Lair |    657 |    602 |     55 |      0 |    454 |   2 |  328.5 |
       Volcano |     32 |     32 |      0 |      0 |      6 |   1 |   32.0 |
               +--------+--------+--------+--------+--------+-----+--------+

Top non-repeatable levels by time:
     D:8: 1293 daAuts
     D:3: 912 daAuts
     D:7: 818 daAuts
     D:9: 783 daAuts
     D:5: 740 daAuts
     D:2: 710 daAuts
     D:6: 699 daAuts
     D:4: 636 daAuts
     D:1: 616 daAuts
  Lair:1: 613 daAuts
    D:10: 479 daAuts
  Temple: 46 daAuts
  Lair:2: 43 daAuts
 Volcano: 32 daAuts
    D:11: 1 daAuts
